Mecha, lawful female human Samurai --- ---.-- --.%..| |....-- | ----....| ---.- |.....--- ..... --...-- .... |...|--- ... ---.--|..| ... |...| |..| -..- |.--- |-.| |... |@| --..| -.%--q| |...| |..%.)|---.--- |..|.)-|...| ---|...|.--- --..).| |..--- ---- Mecha the Kunoichi Experience level: 8 Strength: 15 Dexterity: 15 Constitution: 18 Intelligence: 8 Wisdom: 8 Charisma: 8 Health: 0(90) Energy: 32(32) AC: 0 Gold: 359 Moves: 1907 Your Inventory: Coins $ - 359 gold pieces Weapons a - an uncursed +0 katana (weapon in hand) b - an uncursed +3 wakizashi (alternate weapon; not wielded) c - a blessed +0 yumi d - 44 uncursed +0 ya (in quiver) u - 67 [uncursed +0] arrows v - an [uncursed +0] bow w - a [cursed -1] arrow z - an [uncursed +0] dwarvish mattock Armor f - a [cursed -5] pair of jungle boots [fumble] A - an [uncursed] +0 dwarvish iron helm (being worn) B - an [uncursed] +0 dwarvish mithril-coat (being worn) C - an [uncursed] +0 pair of iron shoes (being worn) P - an [uncursed] +0 dwarvish cloak (being worn) Comestibles m - an [uncursed stale] egg p - 3 [uncursed] gunyoki Scrolls h - an [uncursed] scroll labeled HAPAX LEGOMENON [of identify] q - a [cursed] scroll labeled VENZAR BORGAVVE [of create monster] r - an [uncursed] scroll labeled ZLORFIK [of genocide] E - an [uncursed] scroll labeled ABRA KA DABRA [of enchant armor] G - 2 [blessed] unlabeled scrolls [of blank paper] H - an [uncursed] unlabeled scroll [of blank paper] O - an [uncursed] scroll labeled KERNOD WEL [of scare monster] Spellbooks i - an [uncursed] ochre spellbook [of confuse monster] Potions g - an [uncursed] clear potion [of water] Wands j - an [uncursed] wand called not revealed by engraving [of secret door detection (0:14)] Tools x - an [uncursed] blindfold K - an [uncursed] partly used [wax] candle (lit) L - 2 [uncursed tallow] candles M - an [uncursed wax] candle Gems k - 3 [uncursed] blue gems [worthless glass] l - an [uncursed] red gem [worthless glass] o - an [uncursed] violet gem [amethyst] t - 2 [uncursed] green gems [worthless glass] y - an [uncursed] yellow gem [worthless glass] J - 3 [uncursed] violet gems [worthless glass] Spells known in the end: Name Level Category Fail Memory Your skills at the end: Fighting Skills martial arts [Basic / Master] Weapon Skills short sword [Basic / Expert] long sword [Basic / Expert] bow [Basic / Expert] Spellcasting Skills Final Attributes: You were devoutly aligned. Hunger level was 153. Your alignment was 17 / 19. Monster difficulty range was 1 - 8. Level difficulty was 8. You were fast. Your luck was zero. You are dead. Vanquished creatures: a wyvern an earth elemental a pony a fog cloud 4 gnome lords 2 gnomish wizards a straw golem a paper golem a giant ant a little dog 4 dwarves a homunculus a kobold shaman a giant bat an acid blob a coyote a hobbit a yellow mold a red mold 31 gnomes a gecko 6 jackals 3 foxes 4 grid bugs 2 lichens 2 newts 75 creatures vanquished. Voluntary challenges: You used a wielded weapon 88 times. You read items or engraved 5 times. You put on armor 5 times. You never genocided any monsters. You never polymorphed an object. You never changed form. You used no wishes. You wrote Elbereth's name 1 time. You encountered 1 bones level. You never used any Sokoban shortcuts. Dungeon overview: The Dungeons of Doom: levels 1 to 2 Level 1 a long staircase Level 2 a fountain stairs to The Gnomish Mines The Gnomish Mines: levels 3 to 8 Level 3 stairs to The Dungeons of Doom Level 8 <- You were here History has recorded: On T:1 you entered the Dungeons of Doom to retrieve the Amulet of Yendor! On T:302 you reached level 2 of The Dungeons of Doom. On T:557 you advanced to experience level 2. On T:703 you reached level 1 of The Gnomish Mines. On T:714 you advanced to experience level 3. On T:832 you advanced to experience level 4. On T:908 you advanced to experience level 5. On T:1133 you advanced to experience level 6. On T:1522 you reached level 2 of The Gnomish Mines. On T:1761 you reached level 5 of The Gnomish Mines. On T:1798 you advanced to experience level 7. On T:1855 you reached level 6 of The Gnomish Mines. On T:1901 you advanced to experience level 8. Latest messages: [HP-17=29] You hit the wyvern! [HP+1=30] You hit the wyvern. You kill the wyvern! Welcome to experience level 8. The gnome just misses! The leocrotta hits! The leocrotta bites! The leocrotta hits! [HP-12=18] You begin praying to Amaterasu Omikami. You are surrounded by a shimmering light. The leocrotta starts to attack you, but pulls back. (4x) You finish your prayer. You feel that Amaterasu Omikami is well-pleased. [3 turns] You hit the leocrotta! The leocrotta hits! The leocrotta misses. The leocrotta hits! You die... Final status: Sayonara Mecha the Samurai... You died in The Gnomish Mines on dungeon level 8 with 4978 points, and 359 pieces of gold, after 1907 moves. You were level 8 with a maximum of 90 hit points when you died.